 Dungeon Crawl Stone Soup version 0.21.1-1-g345015f (webtiles) character file.

203 Monsterracer the Digger (level 5, -5/31 HPs)
             Began as an Octopode Earth Elementalist on Feb 13, 2018.
             Was an Initiate of Vehumet.
             Killed from afar by batai666's ghost (20 damage)
             ... with a stone arrow
             ... on level 4 of the Dungeon.
             The game lasted 00:05:12 (4459 turns).

Monsterracer the Digger (OpEE)                      Turns: 4459, Time: 00:05:13

Health: -5/31      AC:  1    Str:  7    XL:     5   Next: 81%
Magic:  0/9        EV: 13    Int: 18    God:    Vehumet [......]
Gold:   157        SH:  0    Dex: 13    Spells: 4/10 levels left

rFire    . . .     SeeInvis .   p - +1 spear (vamp)
rCold    . . .     Gourm    .   (no shield)
rNeg     . . .     Faith    .   (helmet restricted)
rPois    .         Spirit   .   (no amulet)
rElec    .         Reflect  .   (no ring)
rCorr    .         Harm     .   (no ring)
MR       .....                  (no ring)
Stlth    +++.......             (no ring)
HPRegen  0.10/turn              (no ring)
MPRegen  0.11/turn              (no ring)
                                (no ring)
                                (no ring)

@: no status effects
A: almost no armour, stealthy swim, amphibious, 8 rings, constrict 8, camouflage
1, gelatinous body 1
a: Renounce Religion


You were on level 4 of the Dungeon.
You worshipped Vehumet.
Vehumet was noncommittal.
You were very hungry.

You visited 1 branch of the dungeon, and saw 4 of its levels.

You collected 157 gold pieces.

Inventory:

Hand Weapons
 p - a +1 vampiric spear (weapon)
Missiles
 b - 142 stones (quivered)
 q - a throwing net
Armour
 e - a +0 shield
 h - a +0 buckler
Scrolls
 j - 2 scrolls of identify
 l - a scroll of remove curse
 m - 3 scrolls of amnesia
 n - a scroll of fog
 o - a scroll of teleportation
Potions
 a - 4 potions of lignification
 g - a potion of magic
 i - a potion of curing
 k - a potion of berserk rage {!q}
Books
 d - a book of Geomancy

   Spells                             Type                      Level
   a - Sandblast                      Earth                        1
   b - Passwall                       Transmutation/Earth          2
   c - Stone Arrow                    Conjuration/Earth            3
   d - Petrify                        Transmutation/Earth          4
   e - Lee's Rapid Deconstruction     Earth                        5
 f - a book of Minor Magic

   Spells                             Type                      Level
   a - Magic Dart                     Conjuration                  1
   b - Blink                          Translocation                2
   c - Call Imp                       Summoning                    2
   d - Slow                           Hexes                        2
   e - Conjure Flame                  Conjuration/Fire             3
   f - Mephitic Cloud                 Conjuration/Poison/Air       3
Comestibles
 c - 5 rations


   Skills:
 - Level 2.0 Dodging
 - Level 2.6 Stealth
 + Level 0.8 Shields
 + Level 3.3 Spellcasting
 + Level 0.9 Conjurations
 - Level 1.0 Transmutations
 * Level 5.2 Earth Magic


You had 4 spell levels left.
You knew the following spells:

 Your Spells              Type           Power        Failure   Level  Hunger
a - Sandblast             Erth           ###...       1%          1    None
c - Stone Arrow           Conj/Erth      ##....       13%         3    ###....
x - Passwall              Tmut/Erth      ##........   7%          2    ##.....


Dungeon Overview and Level Annotations

Branches:
Dungeon (4/15)
 Temple: D:4-7

Altars:
Gozag
Ru
Vehumet
Wu Jian
Zin

Annotations:
D:4 batai666's ghost, novice GrEE


Innate Abilities, Weirdness & Mutations

You cannot wear most types of armour.
You are very stealthy in the water. (Stealth+)
You are amphibious.
You can wear up to eight rings at the same time.
You can use your tentacles to constrict eight enemies at once.
Your skin changes colour to match your surroundings (Stealth+).
Your rubbery body absorbs attacks. (AC +1, EV +1)


Message History

You miss the jackal. Your grab misses the jackal. You squeeze the jackal.
The jackal is heavily wounded.
The jackal bites you.
You take 2 damage, and have 29/31 hp.
You hit the jackal. Your grab misses the jackal.
You kill the jackal!
No target in view!
HP restored.
Key pressed, stopping explore.
No target in view!
Health restored: 31 You regained 5 mp, and now have 8/9 mp.
o - a scroll of teleportation MP restored: 9 You see here a jackal corpse.
You open the door.
Found a leather armour.
Found a sacrificial altar of Ru and a radiant altar of Vehumet.
Okay, then.
Found an ornate altar of the Wu Jian Council.
There is an open door here.
There is a radiant altar of Vehumet here.
You curl up in front of the altar of Vehumet.
Vehumet welcomes you!
Okay, then.
There is an open door here.
You now have 146 gold pieces (gained 4).
You now have 157 gold pieces (gained 11).
An adder comes into view.
An adder is nearby!
Okay, then.
Casting: Stone Arrow
Confirm with . or Enter, or press ? or * to list all spells.
Aiming: Stone Arrow
Press: ? - help, Shift-Dir - straight line, f - adder
Aim: an adder (resting)
The stone arrow hits the adder.
The adder is moderately wounded.
The adder hisses angrily.
You now have 6/9 mp.
Casting: Stone Arrow
Confirm with . or Enter, or press ? or * to list all spells.
Aiming: Stone Arrow
Press: ? - help, Shift-Dir - straight line, f/p - adder
Aim: an adder (moderately wounded)
The stone arrow hits the adder.
You kill the adder!
Vehumet accepts your kill.
You are feeling hungry.
You now have 3/9 mp.
Unknown command.
Found a glowing silver altar of Zin.
MP restored: 9
There is a glowing silver altar of Zin here.
q - a throwing net Batai666's ghost (novice Gargoyle Earth Elementalist) comes into view.
Found a thin runed staff.
Found an escape hatch in the floor.
Casting: Stone Arrow
Confirm with . or Enter, or press ? or * to list all spells.
Aiming: Stone Arrow
Press: ? - help, Shift-Dir - straight line, f - batai666's ghost
Aim: batai666's ghost (hasn't noticed you)
The stone arrow hits batai666's ghost.
Batai666's ghost is lightly damaged.
Batai666's ghost turns its malevolent gaze towards you.
You now have 6/9 mp.
Casting: Stone Arrow
Confirm with . or Enter, or press ? or * to list all spells.
Aiming: Stone Arrow
Press: ? - help, Shift-Dir - straight line, f/p - batai666's ghost
Aim: batai666's ghost (lightly damaged)
The stone arrow hits batai666's ghost.
Batai666's ghost is lightly damaged.
You are feeling very hungry.
You now have 3/9 mp.
Casting: Stone Arrow
Confirm with . or Enter, or press ? or * to list all spells.
Aiming: Stone Arrow
Press: ? - help, Shift-Dir - straight line, f/p - batai666's ghost
Aim: batai666's ghost (lightly damaged)
The stone arrow hits batai666's ghost.
Batai666's ghost is heavily damaged.
Batai666's ghost barely misses you.
You now have 0/9 mp.
Casting: Stone Arrow
Confirm with . or Enter, or press ? or * to list all spells.
You don't have enough magic to cast that spell.
You hit batai666's ghost but do no damage.
Your squeeze misses batai666's ghost.
Batai666's ghost is heavily damaged.
Batai666's ghost screams, "You will never get the ORB!"
Batai666's ghost points at you and mumbles some strange words.
The blast of sand hits you!
Ouch! That really hurt!
* * * LOW HITPOINT WARNING * * *
You take 16 damage, and have 15/31 hp.
MASSIVE DAMAGE!!
Batai666's ghost casts a spell at you. The stone arrow hits you!
Ouch! That really hurt!
You die...

# # # # ##### ########
###...# .......#
#.....########### ######.#
#.#..........(... # #.#
#.##...@........> # #.#
#_###.##W....### #
#.###.###.#.......# #
#.##...##..........# #
#.#.....#............ #
#.#.....##.........#.
######.#.....###.......#..
.....#......## ##.....#. .
.....####...# #|.......


You could see batai666's ghost.

Vanquished Creatures
  A centaur skeleton (D:4)
  3 gnolls (D:2)
  5 adders
  2 worms (D:2)
  6 dart slugs
  2 orcs (D:3)
  10 bats
  3 giant cockroaches
  10 goblins
  5 hobgoblins
  8 jackals
  7 kobolds
  A quokka (D:3)
  4 ball pythons
  11 frilled lizards
  7 rats
85 creatures vanquished.

Notes
Turn   | Place    | Note
-------+----------+-------------------------------------------
     0 | D:1      | Monsterracer the Octopode Earth Elementalist began the quest for the Orb.
     0 | D:1      | Reached XP level 1. HP: 11/11 MP: 3/3
    67 | D:1      | HP: 5/11 [hobgoblin (1)]
   345 | D:1      | Reached XP level 2. HP: 15/17 MP: 5/5
   511 | D:1      | Learned a level 2 spell: Passwall
   581 | D:1      | Reached XP level 3. HP: 21/21 MP: 6/6
   586 | D:1      | Learned a level 3 spell: Stone Arrow
  1227 | D:2      | HP: 8/21 [worm (11)]
  1229 | D:2      | Reached skill level 4 in Earth Magic
  1235 | D:2      | HP: 4/21 [frilled lizard (3)]
  1894 | D:2      | Reached XP level 4. HP: 24/27 MP: 4/8
  2646 | D:2      | Found an opulent altar of Gozag.
  2721 | D:3      | Reached XP level 5. HP: 31/31 MP: 5/9
  3146 | D:3      | Reached skill level 5 in Earth Magic
  4238 | D:4      | Found a sacrificial altar of Ru.
  4238 | D:4      | Found a radiant altar of Vehumet.
  4239 | D:4      | Found an ornate altar of the Wu Jian Council.
  4246 | D:4      | Became a worshipper of Vehumet
  4435 | D:4      | Found a glowing silver altar of Zin.
  4451 | D:4      | Noticed batai666's ghost (novice GrEE)
  4457 | D:4      | HP: 15/31 [batai666's ghost/blast of sand (16)]
  4459 | D:4      | Killed from afar by batai666's ghost

Skill      XL: |  1  2  3  4  5 |
---------------+----------------+-----
Earth Magic    | 4 5 |  5.2
Spellcasting   | 3 |  3.3
Dodging        | |  2.0
Stealth        | |  2.6
Shields        | |  0.8
Conjurations   | |  0.9
Transmutations | |  1.0

Action                   |  1- 3 |  4- 6 || total
-------------------------+-------+-------++-------
Melee: Short sword       |    32 |       ||    32
       Constrict         |    13 |    15 ||    28
       Tentacles         |     3 |    10 ||    13
       Spear             |    23 |    93 ||   116
 Cast: Sandblast         |    16 |     7 ||    23
       Stone Arrow       |     4 |    18 ||    22
  Use: Scroll            |     9 |     3 ||    12
 Stab: Sleeping          |     8 |     8 ||    16
  Eat: Ration            |     3 |       ||     3
       Chunk             |     2 |     9 ||    11
Armor: Skin              |     6 |     4 ||    10
Dodge: Dodged            |    39 |    57 ||    96

Vault maps used:
D:1:      elethiomel_arrival_quiet, serial_glass, glass_columns_b,
          glass_columns_a, glass_columns_c, glass_columns_b,
          kennysheep_crisscross
D:2:      minmay_diamond_boxcup, lemuel_coloured_pillars_altar
D:4:      overflow_temple_1_default, gammafunk_temple_overflow_claw,
          nrook_mini_backslash
